 Dungeon Crawl Stone Soup version 0.20.1-1-g8b1a95d (webtiles) character file.

254 pib the Conjurer (level 5, -10/34 HPs)
             Began as a Draconian Venom Mage on July 3, 2017.
             Was a Follower of Hepliaklqana.
             Mangled by an ogre
             ... wielding a +0 giant club
              (21 damage)
             ... on level 4 of the Dungeon.
             The game lasted 00:08:17 (3123 turns).

pib the Conjurer (Draconian Venom Mage)             Turns: 3123, Time: 00:08:18

Health: -10/34     AC:  6    Str: 10    XL:     5   Next: 91%
Magic:  7/10       EV: 12    Int: 17    God:    Hepliaklqana [*.....]
Gold:   97         SH:  0    Dex: 11    Spells: 7/10 levels left

rFire    . . .     SeeInvis .   c - +3 spear
rCold    . . .     Gourm    .   (no shield)
rNeg     . . .     Faith    .   (armour unavailable)
rPois    .         Spirit   .   (helmet restricted)
rElec    .         Reflect  .   (no cloak)
rCorr    .         Harm     .   (no gloves)
MR       +....                  (no boots)
Stlth    ++........             (no amulet)
Regen    0.2/turn               k - ring of protection from magic
MPRegen  0.2/turn               s - +1 ring of protection

@: no status effects
A: unfitting armour, reduced essence, cold-blooded, AC +5
a: Recall Ancestor, Ancestor Identity, Renounce Religion


You were on level 4 of the Dungeon.
You worshipped Hepliaklqana.
Hepliaklqana was aware of your devotion.
You were not hungry.

You visited 1 branch of the dungeon, and saw 4 of its levels.

You collected 97 gold pieces.

Inventory:

Hand Weapons
 c - a +3 spear (weapon)
 j - a +3 rapier
 v - a cursed -2 short sword
Missiles
 e - 51 stones (quivered)
Armour
 o - a +0 shield
Jewellery
 k - a ring of protection from magic (left hand)
 s - a +1 ring of protection (right hand)
Scrolls
 g - a scroll of enchant armour {unknown}
 h - 3 scrolls of identify {unknown}
 i - a scroll of teleportation {unknown}
Potions
 f - 2 potions of flight {unknown}
 l - a potion of haste {unknown}
 m - 3 potions of mutation {unknown}
 n - a potion of lignification {unknown}
 p - a potion of might {unknown}
 q - a potion of magic {unknown}
 r - a potion of agility {unknown}
 u - a potion of ambrosia {unknown}
Books
 a - a Young Poisoner's Handbook

   Spells                             Type                      Level
   a - Sting                          Conjuration/Poison           1
   b - Poisonous Vapours              Poison/Air                   2
   c - Mephitic Cloud                 Conjuration/Poison/Air       3
   d - Olgreb's Toxic Radiance        Poison                       4
   e - Venom Bolt                     Conjuration/Poison           5
Comestibles
 b - 3 bread rations
 d - 4 meat rations
 t - 3 chunks of flesh


   Skills:
 - Level 1.7 Dodging
 - Level 1.7 Stealth
 + Level 3.4 Spellcasting
 * Level 3.9 Conjurations
 - Level 1.4 Air Magic
 + Level 3.9 Poison Magic


You had 7 spell levels left.
You knew the following spells:

 Your Spells              Type           Power        Failure   Level  Hunger
a - Sting                 Conj/Pois      ###.         3%          1    None
b - Poisonous Vapours     Pois/Air       ##....       9%          2    ##.....


Dungeon Overview and Level Annotations

Branches:
Dungeon (4/15)
 Temple: D:4-7

Altars:
Hepliaklqana
Nemelex Xobeh
Vehumet


Innate Abilities, Weirdness & Mutations

Your plain brown scales are hard. (AC +5)
You cannot fit into any form of body armour.
You are cold-blooded and may be slowed by cold attacks.
Your life essence is reduced to manifest your ancestor. (-10% HP)


Message History

Confirm with . or Enter, or press ? or * to list all spells.
Aiming: Sting
Press: ? - help, Shift-Dir - straight line, f/p - ogre
Aim: an ogre, wielding a giant club The sting hits the ogre.
The ogre is poisoned.
The ogre is lightly wounded.
Necuametl hits the ogre but does no damage.
Casting: Sting
Confirm with . or Enter, or press ? or * to list all spells.
Aiming: Sting
Press: ? - help, Shift-Dir - straight line, f/p - ogre
Aim: an ogre, wielding a giant club (lightly wounded, poisoned)
The sting hits the ogre.
The ogre looks even sicker.
The ogre is lightly wounded.
The ogre hits you with a giant club!!
Ouch! That really hurt!
Necuametl barely misses the ogre.
The ogre hits you with a giant club!!
Ouch! That really hurt!
You die...

## ### .##
##..#R.##
#...@O..#
#..........#
#.........##
#........##
#.......##
#......##
#......#
#####.##


You could see the friendly Necuametl the ancestor and an ogre.

Vanquished Creatures
  The ghost of Zachthehappycat the Ducker, a weakling FeBe of Trog (D:3)
  2 orc wizards (D:3)
  An orc priest (D:3)
  4 adders
  2 oozes
  A worm (D:2)
  3 dart slugs
  3 leopard geckos
  6 orcs (D:3)
  10 bats
  2 giant cockroaches
  7 goblins
  2 hobgoblins
  4 jackals (D:3)
  A frilled lizard (D:2)
  7 kobolds
  7 rats
63 creatures vanquished.

Vanquished Creatures (collateral kills)
  An adder (D:2)
  A leopard gecko (D:2)
  2 orcs (D:3)
  A bat (D:2)
  A giant cockroach (D:2)
6 creatures vanquished.

Vanquished Creatures (others)
  An ancestor (D:2)
1 creature vanquished.

Grand Total: 70 creatures vanquished

Notes
Turn   | Place    | Note
-------+----------+-------------------------------------------
     0 | D:1      | pib the Draconian Venom Mage began the quest for the Orb.
     0 | D:1      | Reached XP level 1. HP: 14/14 MP: 3/3
   284 | D:1      | Reached XP level 2. HP: 20/20 MP: 1/5
   547 | D:1      | Learned a level 2 spell: Poisonous Vapours
   844 | D:2      | Found a hazy altar of Hepliaklqana.
   850 | D:2      | Became a worshipper of Hepliaklqana the Forgotten
   895 | D:2      | Reached XP level 3. HP: 20/23 MP: 6/6
  1130 | D:2      | Found a radiant altar of Vehumet.
  1366 | D:2      | Found a sparkling altar of Nemelex Xobeh.
  1475 | D:2      | Reached XP level 4. HP: 28/29 MP: 5/8
  1715 | D:3      | Reached skill level 1 in Air Magic
  1786 | D:3      | Reached * piety under Hepliaklqana
  2161 | D:3      | Reached XP level 5. HP: 15/34 MP: 0/9
  2691 | D:3      | Noticed Zachthehappycat's ghost (weakling FeBe)
  2704 | D:3      | Killed Zachthehappycat's ghost
  3119 | D:4      | Noticed an ogre
  3123 | D:4      | Mangled by an ogre

Skill      XL: |  1  2  3  4 |
---------------+-------------+-----
Conjurations   | 2 3 |  3.9
Air Magic      | 1 |  1.4
Spellcasting   | 3 |  3.4
Dodging        | |  1.7
Stealth        | |  1.7
Poison Magic   | |  3.9

Action                   |  1- 3 |  4- 6 || total
-------------------------+-------+-------++-------
Melee: Spear             |    39 |    60 ||    99
       Unarmed           |     1 |       ||     1
       Tailslap          |     2 |     2 ||     4
 Cast: Sting             |    36 |    49 ||    85
Invok: Ancestor Identity |     2 |     1 ||     3
  Use: Scroll            |       |     2 ||     2
 Stab: Sleeping          |     1 |       ||     1
  Eat: Chunk             |     2 |     5 ||     7
Armor: Skin              |    10 |    23 ||    33
Dodge: Dodged            |    23 |    32 ||    55
